TOP OF THE 1ST |
Atlantic City Sonics batting - Pitching for Tacoma Fur Traders : LHP Ed Hammond
|
Pitching: LHP Ed Hammond
|
|
Batting: RHB Toyozo Yamasaki
|
0-0: Ball 1-0: Ball 2-0: Ball 3-0: Called Strike 3-1: Base on Balls
|
Batting: RHB Kendrick Drumgoole
|
0-0: Called Strike 0-1: Swinging Strike 0-2: Ball 1-2: Foul Ball, location: 2F 1-2: Ball 2-2: Fly out, F6 (Popup, 6M)
|
Batting: RHB John Willoughby
|
0-0: Ball Toyozo Yamasaki steals 2nd base 1-0: Ball 2-0: Foul Ball, location: 2F 2-1: Fly out, F8 (Line Drive, 78XD) Runner from 2nd tags up, SAFE at 3rd, no throw
|
Batting: RHB Alejandro Sánchez
|
0-0: Ball 1-0: Ball 2-0: Called Strike 2-1: 2-RUN HOME RUN (Flyball, 7LD), Distance : 373 ft
|
Batting: RHB Gary Jenkins
|
0-0: Foul Ball, location: 2F 0-1: Ball 1-1: Called Strike 1-2: Strikes out looking
|
Top of the 1st over - 2 runs, 1 hit, 0 errors, 0 left on base; Atlantic City 2 - Tacoma 0 |
BOTTOM OF THE 1ST |
Tacoma Fur Traders batting - Pitching for Atlantic City Sonics : LHP Joaquín Pérez
|
Pitching: LHP Joaquín Pérez
|
|
Batting: RHB Alejandro Aquilera
|
0-0: Called Strike 0-1: Ball 1-1: Foul Ball, location: 2F 1-2: Strikes out swinging, 2-3 out at first.
|
Batting: RHB Stan Wheeler
|
0-0: Foul Ball, location: 2F 0-1: Fly out, F8 (Flyball, 8RD)
|
Batting: RHB Sinclair Bothof
|
0-0: Called Strike 0-1: Called Strike 0-2: Ground out 6-3 (Groundball, 6)
|
Bottom of the 1st over - 0 runs, 0 hits, 0 errors, 0 left on base; Atlantic City 2 - Tacoma 0 |
TOP OF THE 2ND |
Atlantic City Sonics batting - Pitching for Tacoma Fur Traders : LHP Ed Hammond
|
Batting: LHB Bryce Abood
|
0-0: Swinging Strike 0-1: Ball 1-1: Ball 2-1: Ground out U3 (Groundball, 3)
|
Batting: LHB António Casas
|
0-0: DOUBLE (Flyball, 7LM)
|
Batting: LHB Scotty Mitchell
|
0-0: Called Strike 0-1: Called Strike 0-2: Strikes out swinging
|
Batting: RHB Sergio Zacagnini
|
0-0: Ball 1-0: Foul Ball, location: 2F 1-1: Called Strike 1-2: Ball 2-2: Foul Ball, location: 2F 2-2: Ball 3-2: Foul Ball, location: 2F 3-2: Ground out 4-3 (Groundball, 4)
|
Top of the 2nd over - 0 runs, 1 hit, 0 errors, 1 left on base; Atlantic City 2 - Tacoma 0 |
BOTTOM OF THE 2ND |
Tacoma Fur Traders batting - Pitching for Atlantic City Sonics : LHP Joaquín Pérez
|
Batting: RHB Bill Perkins
|
0-0: Called Strike 0-1: Swinging Strike 0-2: Strikes out looking
|
Batting: RHB Josh Mawdesley
|
0-0: Ball 1-0: Ball 2-0: Foul Ball, location: 2F 2-1: Ball 3-1: Base on Balls
|
Batting: RHB Robin Colwill
|
0-0: Foul Ball, location: 2F 0-1: SINGLE (Flyball, 8RS) Josh Mawdesley to second
|
Batting: RHB Michael Palledorous
|
0-0: Ball 1-0: Foul Ball, location: 2F 1-1: 3-RUN HOME RUN (Flyball, 7LD), Distance : 374 ft
|
Batting: LHB Keizo Morishita
|
0-0: Foul Ball, location: 2F 0-1: Ball 1-1: SINGLE (Line Drive, 56)
|
Batting: LHB Vance Corkum
|
0-0: Called Strike Balk! Keizo Morishita to second 0-1: Ball 1-1: DOUBLE (Line Drive, 9LD) Keizo Morishita scores
|
Batting: RHB Alejandro Aquilera
|
0-0: Called Strike 0-1: Foul Ball, location: 2F 0-2: Ball 1-2: Foul Ball, location: 2F 1-2: Fly out, F9 (Flyball, 9)
|
Batting: RHB Stan Wheeler
|
0-0: Foul Ball, location: 2F 0-1: Foul Ball, location: 2F 0-2: Ball 1-2: Ball 2-2: Ball 3-2: Fly out, F7 (Flyball, 7LM)
|
Bottom of the 2nd over - 4 runs, 4 hits, 0 errors, 1 left on base; Atlantic City 2 - Tacoma 4 |
BOTTOM OF THE 3RD |
Tacoma Fur Traders batting - Pitching for Atlantic City Sonics : LHP Joaquín Pérez
|
Batting: RHB Sinclair Bothof
|
0-0: Swinging Strike 0-1: Ball 1-1: SOLO HOME RUN (Flyball, 7LD), Distance : 390 ft
|
Batting: RHB Bill Perkins
|
0-0: Ball 1-0: Called Strike 1-1: Foul Ball, location: 2F 1-2: Ball 2-2: Strikes out looking
|
Batting: RHB Josh Mawdesley
|
0-0: Ball 1-0: Ball 2-0: SINGLE (Groundball, 34D)
|
Batting: RHB Robin Colwill
|
0-0: Grounds into double play, 6-4-3 (Groundball, 56)
|
Bottom of the 3rd over - 1 run, 2 hits, 0 errors, 0 left on base; Atlantic City 4 - Tacoma 5 |
TOP OF THE 4TH |
Atlantic City Sonics batting - Pitching for Tacoma Fur Traders : LHP Ed Hammond
|
Batting: LHB António Casas
|
0-0: Foul Ball, location: 2F 0-1: Foul Ball, location: 2F 0-2: Ball 1-2: Strikes out swinging
|
Batting: LHB Scotty Mitchell
|
0-0: Called Strike 0-1: Ball 1-1: Called Strike 1-2: Strikes out swinging wild pitch, reaches first!
|
Batting: RHB Sergio Zacagnini
|
0-0: Ball 1-0: Swinging Strike 1-1: Ball 2-1: Called Strike 2-2: Fly out, F8 (Flyball, 8RM)
|
Batting: RHB Toyozo Yamasaki
|
0-0: Called Strike 0-1: Ball 1-1: Ball 2-1: Foul Ball, location: 2F 2-2: Ball 3-2: Base on Balls Scotty Mitchell to second
|
Batting: RHB Kendrick Drumgoole
|
0-0: Fly out, F8 (Flyball, 8LD)
|
Top of the 4th over - 0 runs, 0 hits, 0 errors, 2 left on base; Atlantic City 4 - Tacoma 5 |
BOTTOM OF THE 4TH |
Tacoma Fur Traders batting - Pitching for Atlantic City Sonics : LHP Joaquín Pérez
|
Batting: RHB Michael Palledorous
|
0-0: SINGLE (Flyball, 9LM)
|
Batting: LHB Keizo Morishita
|
0-0: Called Strike 0-1: Foul Ball, location: 2F 0-2: Ball 1-2: SINGLE (Line Drive, 6) Michael Palledorous to second
|
Batting: LHB Vance Corkum
|
0-0: Ball 1-0: SINGLE (Flyball, 56D) Michael Palledorous to third Keizo Morishita to second
|
Batting: RHB Alejandro Aquilera
|
0-0: Ball 1-0: Foul Ball, location: 2F 1-1: Ball 2-1: Fly out, F9 (Flyball, 9LS) Runner from 3rd tags up, SCORES, no throw
|
Batting: RHB Stan Wheeler
|
0-0: Called Strike 0-1: Ball 1-1: Ball 2-1: Ball 3-1: Grounds into double play, 6-4-3 (Groundball, 6)
|
Bottom of the 4th over - 1 run, 3 hits, 0 errors, 1 left on base; Atlantic City 4 - Tacoma 6 |
TOP OF THE 5TH |
Atlantic City Sonics batting - Pitching for Tacoma Fur Traders : LHP Ed Hammond
|
Batting: RHB John Willoughby
|
0-0: Ball 1-0: Ball 2-0: Called Strike 2-1: Ball 3-1: Base on Balls
|
Batting: RHB Alejandro Sánchez
|
0-0: Called Strike 0-1: Swinging Strike 0-2: Ball 1-2: Foul Ball, location: 2F 1-2: Grounds into double play, 6-4-3 (Groundball, 6M)
|
Batting: RHB Gary Jenkins
|
0-0: Ground out 6-3 (Groundball, 6)
|
Top of the 5th over - 0 runs, 0 hits, 0 errors, 0 left on base; Atlantic City 4 - Tacoma 6 |
BOTTOM OF THE 5TH |
Tacoma Fur Traders batting - Pitching for Atlantic City Sonics : LHP Joaquín Pérez
|
Batting: RHB Sinclair Bothof
|
0-0: Ball 1-0: Ball 2-0: Foul Ball, location: 2F 2-1: Foul Ball, location: 2F 2-2: Strikes out looking
|
Batting: RHB Bill Perkins
|
0-0: Called Strike 0-1: Swinging Strike 0-2: Ball 1-2: Foul Ball, location: 2F 1-2: Ball 2-2: Ground out 5-3 (Groundball, 56)
|
Batting: RHB Josh Mawdesley
|
0-0: Called Strike 0-1: Ball 1-1: Fly out, F8 (Flyball, 8RM)
|
Bottom of the 5th over - 0 runs, 0 hits, 0 errors, 0 left on base; Atlantic City 4 - Tacoma 6 |
TOP OF THE 6TH |
Atlantic City Sonics batting - Pitching for Tacoma Fur Traders : LHP Ed Hammond
|
Batting: LHB Bryce Abood
|
0-0: Ground out 6-3 (Groundball, 6)
|
Batting: LHB António Casas
|
0-0: Ball 1-0: Called Strike 1-1: SINGLE (Flyball, 7S)
|
Batting: LHB Scotty Mitchell
|
0-0: Called Strike 0-1: Ball 1-1: Swinging Strike 1-2: SINGLE (Line Drive, 78M) António Casas to second
|
Batting: RHB Sergio Zacagnini
|
0-0: Ball 1-0: Swinging Strike 1-1: Ball 2-1: Ball 3-1: Base on Balls António Casas to third Scotty Mitchell to second
|
Batting: RHB Toyozo Yamasaki
|
0-0: Ball 1-0: Swinging Strike 1-1: Ball 2-1: Fly out, F8 (Flyball, 8LM) Runner from 3rd tags up, SCORES, no throw
|
Batting: RHB Kendrick Drumgoole
|
0-0: Ball 1-0: Foul Ball, location: 2F 1-1: Fly out, F7 (Flyball, 7LM)
|
Top of the 6th over - 1 run, 2 hits, 0 errors, 2 left on base; Atlantic City 5 - Tacoma 6 |
BOTTOM OF THE 6TH |
Tacoma Fur Traders batting - Pitching for Atlantic City Sonics : LHP Joaquín Pérez
|
Batting: RHB Robin Colwill
|
0-0: Ball 1-0: Ball 2-0: Called Strike 2-1: Ground out 4-3 (Groundball, 6M)
|
Batting: RHB Michael Palledorous
|
0-0: Called Strike 0-1: Ball 1-1: Foul Ball, location: 2F 1-2: Foul Ball, location: 2F 1-2: Strikes out looking
|
Batting: LHB Keizo Morishita
|
0-0: Called Strike 0-1: Ball 1-1: Swinging Strike 1-2: Foul Ball, location: 2F 1-2: Strikes out swinging
|
Bottom of the 6th over - 0 runs, 0 hits, 0 errors, 0 left on base; Atlantic City 5 - Tacoma 6 |
TOP OF THE 7TH |
Atlantic City Sonics batting - Pitching for Tacoma Fur Traders : LHP Ed Hammond
|
Batting: RHB John Willoughby
|
0-0: Ball 1-0: Foul Ball, location: 2F 1-1: Ball 2-1: Ball 3-1: Base on Balls
|
Batting: RHB Alejandro Sánchez
|
0-0: Ball 1-0: Swinging Strike 1-1: Ball 2-1: Called Strike 2-2: Strikes out swinging
|
Pitching: LHP Sherman Harrison
|
|
Pinch Hitting: RHB Dam Son
|
0-0: Called Strike 0-1: Fly out, F7 (Flyball, 7S)
|
Batting: LHB Bryce Abood
|
0-0: Swinging Strike 0-1: Ball 1-1: Foul Ball, location: 2F 1-2: Strikes out swinging
|
Top of the 7th over - 0 runs, 0 hits, 0 errors, 1 left on base; Atlantic City 5 - Tacoma 6 |
BOTTOM OF THE 7TH |
Tacoma Fur Traders batting - Pitching for Atlantic City Sonics : LHP Joaquín Pérez
|
Now in RF: Félix Ellard
|
|
Batting: LHB Vance Corkum
|
0-0: Called Strike 0-1: Ball 1-1: Ball 2-1: Ball 3-1: Swinging Strike 3-2: Base on Balls
|
Batting: RHB Alejandro Aquilera
|
0-0: Called Strike 0-1: Ball 1-1: Ball Wild Pitch! Vance Corkum to second 2-1: Fly out, F8 (Flyball, 8RD)
|
Batting: RHB Stan Wheeler
|
0-0: SINGLE (Flyball, 78S) Vance Corkum to third
|
Batting: RHB Sinclair Bothof
|
0-0: Called Strike 0-1: Ball 1-1: Ground out 5-3 (Groundball, 56) Stan Wheeler to second
|
Pitching: RHP Abakada Mana
|
|
Batting: RHB Bill Perkins
|
0-0: Ball 1-0: Ball 2-0: Ball 3-0: Called Strike 3-1: Ground out 4-3 (Groundball, 4)
|
Bottom of the 7th over - 0 runs, 1 hit, 0 errors, 2 left on base; Atlantic City 5 - Tacoma 6 |
TOP OF THE 8TH |
Atlantic City Sonics batting - Pitching for Tacoma Fur Traders : LHP Sherman Harrison
|
Batting: LHB António Casas
|
0-0: Ball 1-0: Ball 2-0: Ball 3-0: Called Strike 3-1: Ground out 4-3 (Groundball, 34S)
|
Batting: LHB Scotty Mitchell
|
0-0: Called Strike 0-1: Swinging Strike 0-2: Foul Ball, location: 2F 0-2: Strikes out swinging
|
Batting: RHB Sergio Zacagnini
|
0-0: Ball 1-0: Swinging Strike 1-1: Swinging Strike 1-2: Ball 2-2: Foul Ball, location: 2F 2-2: Foul Ball, location: 2F 2-2: Reached on error, E5 (Groundball, 56)
|
Pinch Hitting: RHB Elwiin Hund
|
0-0: Called Strike 0-1: Foul Ball, location: 2F 0-2: Ball 1-2: Ball 2-2: Ball 3-2: SINGLE (Flyball, 78M) Sergio Zacagnini to second Sergio Zacagnini to third
|
Batting: RHB Kendrick Drumgoole
|
0-0: Called Strike 0-1: Foul Ball, location: 2F 0-2: Strikes out swinging
|
Top of the 8th over - 0 runs, 1 hit, 1 error, 2 left on base; Atlantic City 5 - Tacoma 6 |
BOTTOM OF THE 8TH |
Tacoma Fur Traders batting - Pitching for Atlantic City Sonics : RHP Abakada Mana
|
Now at 2B: Malcolm Campbell
|
|
Batting: RHB Josh Mawdesley
|
0-0: Ball 1-0: Called Strike 1-1: Fly out, F8 (Flyball, 8RM)
|
Batting: RHB Robin Colwill
|
0-0: DOUBLE (Line Drive, 9LM)
|
Batting: RHB Michael Palledorous
|
0-0: Ball 1-0: Foul Ball, location: 2F 1-1: Ball 2-1: Ball 3-1: Swinging Strike 3-2: Base on Balls
|
Batting: LHB Keizo Morishita
|
0-0: Ball Passed Ball! Robin Colwill to third Michael Palledorous to second 1-0: Called Strike 1-1: Ball 2-1: Foul Ball, location: 2F 2-2: Strikes out swinging
|
Batting: LHB Vance Corkum
|
0-0: Foul Ball, location: 2F 0-1: Ball 1-1: Ball 2-1: Ball 3-1: Foul Ball, location: 2F 3-2: Foul Ball, location: 2F 3-2: Base on Balls
|
Pinch Hitting: SHB Gilberto Chávez
|
0-0: Ball 1-0: Ball 2-0: Swinging Strike 2-1: Foul Ball, location: 2F 2-2: Ball 3-2: Base on Balls Robin Colwill scores Michael Palledorous to third Vance Corkum to second
|
Batting: RHB Stan Wheeler
|
0-0: Ball 1-0: Ball 2-0: Called Strike 2-1: Foul Ball, location: 2F 2-2: Strikes out looking
|
Bottom of the 8th over - 1 run, 1 hit, 0 errors, 3 left on base; Atlantic City 5 - Tacoma 7 |
TOP OF THE 9TH |
Atlantic City Sonics batting - Pitching for Tacoma Fur Traders : LHP Sherman Harrison
|
Pitching: RHP Jeffrey Chesser
|
|
Now at SS: Gilberto Chávez
|
|
Batting: RHB John Willoughby
|
0-0: Ground out 6-3 (Groundball, 6)
|
Batting: RHB Alejandro Sánchez
|
0-0: Ball 1-0: Ball 2-0: Ball 3-0: Base on Balls
|
Batting: RHB Félix Ellard
|
0-0: Called Strike 0-1: Foul Ball, location: 2F 0-2: Reached on error, E4 (Groundball, 4M) Alejandro Sánchez to second
|
Batting: LHB Bryce Abood
|
0-0: Swinging Strike 0-1: Called Strike 0-2: Foul Ball, location: 2F 0-2: Foul Ball, location: 2F 0-2: Fly out, F9 (Flyball, 89M)
|
Batting: LHB António Casas
|
0-0: Called Strike 0-1: Fly out, F9 (Flyball, 9LD)
|
Top of the 9th over - 0 runs, 0 hits, 1 error, 2 left on base; Atlantic City 5 - Tacoma 7 |
|